 Dungeon Crawl Stone Soup version 0.8.1-249-g5cfb859 character file.

179224 psauce the Eclecticist (level 17, -5/64 (66) HPs)
             Began as a Deep Elf Wizard on Aug 9, 2011.
             Was a Priest of Kikubaaqudgha.
             Killed from afar by Azrael (38 damage)
             ... with a blast of hellfire
             ... on Level 3 of the Elven Halls on Aug 13, 2011.
             The game lasted 19:30:29 (67688 turns).

psauce the Eclecticist (Deep Elf Wizard)           Turns: 67688, Time: 19:30:29

HP  -5/64 (66)   AC 11     Str  4 Exp: 17/251651 (0), need: 9448
MP  13/36        EV 12     Int 34      God: Kikubaaqudgha [***...]
Gold 3564        SH 10     Dex 13      Spells: 14 memorised,  5 levels left

Res.Fire  : + . .   See Invis. : +   M - +3,+5 sling "Xilerrouxt" {venom, rElec SIn Res.Cold : . . . Warding : . . D - +3 robe of the Vaults {rPois} Life Prot.: . . . Conserve : . G - +0 elf buckler {AC+3} Res.Acid. : . . . Res.Corr. : . e - +0 wizard hat {MR}
Res.Poison: +       Clarity    : +   P - +2 cloak
Res.Elec. : +       Spirit.Shd : .   (no gloves)
Sust.Abil.: . .     Stasis     : .   (no boots)
Res.Mut.  : .       Ctrl.Telep.: .   u - amulet of clarity
Res.Rott. : .       Levitation : +   Q - ring of protection from fire
Saprovore : . . .   Ctrl.Flight: +   g - ring of False Pretenses {Int+3 Acc+2 SInv}

@: flying, very resistant to hostile enchantments, stealthy
A: -10% mp
a: Receive Corpses, Renounce Religion


You were on level 3 of the Elven Halls.
You worshipped Kikubaaqudgha.
Kikubaaqudgha was greatly pleased with you.
You were hungry.

You visited 8 branches of the dungeon, and saw 48 of its levels.
You visited the Abyss 1 time.
You visited 1 Labyrinth.
You visited 3 portal chambers: ossuary, ice cave, trove.

You collected 5307 gold pieces.
You spent 1763 gold pieces at shops.

Inventory:

Hand weapons
 h - a +4,+4 dwarven short sword of holy wrath
 l - a +2 blowgun
 M - the +3,+5 sling "Xilerrouxt" (weapon) {venom, rElec SInv}
   (You found it on level 20 of the Dungeon)

   It poisons the ammo it fires.
   It insulates you from electricity.
   It enhances your eyesight.
Missiles
 p - 18 poisoned +1 needles
 E - 6 +0 needles of sickness
 F - 13 silver +0 sling bullets (quivered)
 J - 6 curare-tipped +0 needles
Armour
 e - a +0 wizard hat of magic resistance (worn)
 D - the +3 robe of the Vaults (worn) {rPois}
   (You found it on level 2 of the Hive)

   It protects you from poison.
 G - a +0 elven buckler of protection (worn)
 P - a +2 cloak (worn)
Magical devices
 f - a wand of digging (2)
 k - a wand of disintegration (0)
 m - a wand of paralysis (5)
 n - a wand of frost (12)
 z - a wand of fireball (4)
Comestibles
 t - 2 chokos
Scrolls
 d - a scroll of remove curse
 o - a scroll of teleportation
 v - a scroll of identify
 V - a scroll of magic mapping
Jewellery
 b - an uncursed amulet of resist corrosion
 g - the ring of False Pretenses (left hand) {Int+3 Acc+2 SInv}
   (You bought it in a shop on level 4 of the Orcish Mines)

   [ring of see invisible]

   It affects your intelligence (+3).
   It affects your accuracy (+2).
 s - an uncursed ring of teleportation
 u - an amulet of clarity (around neck)
 x - an uncursed ring of sustenance
 B - an uncursed amulet of resist mutation
 K - an uncursed amulet of stasis
 O - an uncursed ring of protection from cold
 Q - a ring of protection from fire (right hand)
Potions
 a - 3 potions of heal wounds
 c - a potion of resistance
 q - 2 potions of healing You had 0 experience left.


   Skills:
 - Level 2 Crossbows
 - Level 4 Dodging
 - Level 4 Stealth
 + Level 2 Traps & Doors
 + Level 18 Spellcasting
 - Level 16 Conjurations
 - Level 8 Charms
 - Level 11 Summonings
 - Level 14 Necromancy
 - Level 9 Translocations
 + Level 4 Fire Magic
 - Level 9 Air Magic
 - Level 12 Poison Magic
 + Level 1 Evocations


You had 5 spell levels left.
You knew the following spells:

 Your Spells              Type           Power        Success   Level  Hunger
a - Magic Dart            Conj           #####        Perfect     1    None
b - Blink                 Tloc           N/A          Excellent   2    None
c - Shadow Creatures      Summ           N/A          Excellent   5    None
e - Regeneration          Chrm/Necr      ########..   Excellent   3    None
f - Fireball              Fire/Conj      #######...   Excellent   6    None
g - Mephitic Cloud        Pois/Air/Conj  ########..   Excellent   3    None
h - Poisonous Cloud       Pois/Air/Conj  ########..   Excellent   5    None
j - Twisted Resurrection  Necr           ########..   Excellent   5    None
n - Flight                Air/Chrm       #######...   Excellent   4    None
q - Sublimation of Blood  Necr           ########..   Perfect     2    None
r - Conjure Flame         Fire/Conj      #######..    Excellent   3    None
t - Animate Skeleton      Necr           N/A          Perfect     1    None
v - Deflect Missiles      Air/Chrm       #######...   Great       6    None
z - Apportation           Tloc           #######...   Excellent   1    None

Dungeon Overview and Level Annotations

Branches:
Dungeon (22/27)            Temple (1/1) D:4             Orc (4/4) D:9
    Elf (4/5) Orc:3          Lair (8/8) D:13          Swamp (5/5) Lair:4
 Shoals (0/5) Lair:6        Slime (0/6) Lair:7         Hive (2/2) D:11
  Vault (2/8) D:18
  Crypt: Vault:2-4

Altars:
Ashenzari
Cheibriados
Elyvilon
Fedhas
Kikubaaqudgha
Makhleb
Nemelex Xobeh
Okawaru
Sif Muna
The Shining One
Trog
Vehumet
Xom
Yredelemnul
Zin

Shops:
D:5: ! D:8: * D:22: [! Orc:4: %%=* Elf:2: !

Portals:
Hell: D:21 D:22

Annotations
D:7 HEAL UP!
D:19 exclusion: downstairs
Elf:3 exclusion: downstairs
Swamp:4 MARA! :(
Hive:2 STASH :)


Innate Abilities, Weirdness & Mutations

Your magical capacity is low (-10% MP).


Message History

The bolt of fire hits you! You resist.
Your scroll of enchant armour catches fire!
Azrael throws hellfire at you.
The hellfire explodes!
Ouch! That really hurt!
You die...
Kikubaaqudgha rasps: "You have failed me!
Welcome... death!"

▒∙∙∙∙∙∙▒ ▒∙
▒∙∙∙∙∙∙▒ ▒>
▒▒▒∙∙∙∙∙∙▒ ▒∙
∙∙∙∙∙∙∙∙▒▒ ▒▒∙
∙∙∙∙∙∙∙∙▒ ▒∙∙
∙∙∙∙∙∙∙∙▒ ▒∙∙
∙∙(∙∙[∙∙▒▒ ▒∙∙
∙∙∙∙∙∙∙∙∙▒ ▒∙∙
∙∙∙(∙∙∙∙@▒▒▒▒▒▒∙∙
▒▒∙∙▒▒▒▒∙∙∙∙∙∙∙∙∙
▒▒∙▒ ▒▒▒▒▒▒▒▒R#
▒∙▒ ▒▒▒ ▒z▒ ▒
▒▒▒[▒▒▒▒ ▒
▒∙∙(∙∙∙▒
▒∙∙∙∙∙∙▒▒▒
▒∙∙∙∙∙∙∙∙▒▒ ▒▒


You could see Azrael.

Vanquished Creatures
  Gastronok (Lair:6)
  A stone giant (D:19)
  A yaktaur captain (D:22)
  A minotaur (Lab)
  4 large large abominations
  4 ogre magi
  A hydra (Lair:5)
  A deep elf demonologist (Elf:3)
  6 death yaks
  An orc high priest (Orc:4)
  A very ugly thing (Swamp:5)
  A vapour (Swamp:3)
  4 centaur warriors
  10 deep elf knights
  5 hill giants
  5 unseen horrors
  An ice statue (Port)
  A giant amoeba (D:17)
  Joseph (D:10)
  5 orc knights
  3 orc sorcerers (Orc:4)
  A spiny worm (D:18)
  3 cyclopes
  An elephant slug (Lair:6)
  4 black mambas
  An elf (shapeshifter) (Elf:1)
  2 elephants (D:13)
  6 slime creatures
  2 spiny frogs
  2 rock trolls (Vault:1)
  Psyche (D:9)
  34 ugly things
  3 yaktaurs
  A spriggan (shapeshifter) (D:13)
  3 trolls
  2 queen bees
  15 two-headed ogres
  12 giant toads
  An orc zombie (Orc:4)
  11 blink frogs
  Edmund (D:6)
  2 wyverns
  A merfolk (shapeshifter) (Elf:3)
  9 war dogs
  Eustachio (D:5)
  5 deep elf conjurers
  13 yaks
  5 hippogriffs
  A mottled dragon (D:14)
  A hungry ghost (D:7)
  12 vampire mosquitoes
  12 deep elf summoners
  14 deep elf fighters
  A manticore (D:17)
  4 insubstantial wisps
  25 orc warriors
  A swamp worm (Swamp:1)
  2 deep elf priests
  4 kenku (Swamp:4)
  18 ogres
  9 ice beasts
  A swamp drake (D:9)
  4 phantoms
  A human zombie (D:10)
  3 gila monsters
  A warg (D:22)
  Sigmund (D:6)
  Duvessa (D:4)
  3 crocodiles
  10 deep elf magi
  5 small abominations (D:20)
  2 giant slugs
  A draconian (shapeshifter) (D:20)
  17 centaurs
  A brain worm (D:17)
  20 big kobolds
  6 water moccasins
  2 agate snails
  16 giant frogs
  2 boulder beetles (Elf:1)
  3 wights (D:7)
  148 killer bees
  4 electric eels
  6 imps
  Dowan (D:4)
  A gila monster skeleton (D:13)
  3 goliath beetles (Elf:1)
  7 big fish
  A quasit (D:12)
  3 hound skeletons
  19 orc priests
  12 hounds
  151 scorpions
  4 iguanas
  5 worker ants
  12 deep elf soldiers
  4 orange rats
  31 orc wizards
  10 porcupines
  9 sheep
  An elf zombie (Elf:3)
  Ijyb (D:6)
  Jessica (D:2)
  4 jellies
  A goliath beetle zombie (D:5)
  9 mummies (Port)
  24 gnolls (D:4)
  50 green rats
  A midge (Elf:3)
  17 snakes
  A snake skeleton (D:7)
  A snake zombie (D:6)
  3 giant mites
  9 worms
  9 ufetubi
  4 grey rats
  2 giant eyeballs
  A megabat zombie (D:18)
  6 giant geckos
  2 gnoll skeletons (Port)
  155 orcs
  9 giant cockroaches
  21 hobgoblins
  32 jackals
  32 kobolds
  34 megabats
  5 quokkas
  3 small snakes
  7 giant newts
  25 goblins
  2 goblin skeletons (Port)
  A hobgoblin zombie (D:7)
  35 killer bee larvae
  10 orc skeletons
  A quokka skeleton (D:17)
  42 rats
  11 rat skeletons (Port)
  3 ballistomycetes (D:8)
  20 toadstools
1430 creatures vanquished.

Vanquished Creatures (collateral kills)
  Saint Roka (D:22)
  An illusory Mara (Swamp:4)
  Frederick (D:20)
  Nikola (D:14)
  A sphinx (D:22)
  Rupert (D:15)
  Agnes (Swamp:4)
  Frances (D:18)
  Roxanne (Swamp:1)
  Aizul (D:17)
  Snorg (Swamp:1)
  Wiglaf (D:18)
  Louise (D:18)
  2 stone giants
  An ettin (D:22)
  3 yaktaur captains
  2 dragons
  3 ice dragons
  12 hydras
  Urug (D:14)
  5 death yaks
  2 ogre magi (D:22)
  7 alligators
  3 stone giant zombies
  A frost giant zombie (D:22)
  Nergalle (D:15)
  4 centaur warriors
  2 griffons
  3 large large abominations
  A stone giant skeleton (D:18)
  An iron golem (D:8)
  2 orc high priests (Orc:4)
  A fire giant skeleton (D:22)
  A frost giant skeleton (D:21)
  A soul eater (D:20)
  4 skeletal warriors
  4 deep elf knights
  A swamp dragon (Swamp:2)
  9 hill giants
  An ice statue (Port)
  2 orc knights
  4 giant amoebae
  A wizard (D:20)
  Pikel (D:6)
  An elf (shapeshifter) (D:17)
  A spiny worm (D:22)
  2 orc sorcerers
  A guardian serpent (shapeshifter) (D:17)
  A statue (D:11)
  4 oklob plants (Hive:2)
  2 hydra skeletons (D:17)
  3 cyclopes
  A harpy skeleton (D:20)
  Maurice (D:8)
  A cyclops (shapeshifter) (D:19)
  A red wasp zombie (D:15)
  A stone giant simulacrum (D:20)
  A shop mimic (D:13)
  A trapdoor spider zombie (D:9)
  An elephant (D:13)
  An orange demon (Elf:3)
  A door mimic (Vault:2)
  2 weapon mimics
  30 slime creatures
  A black mamba (Lair:8)
  A hellwing (D:20)
  4 yaktaurs
  A slime creature (shapeshifter) (Vault:1)
  The ghost of Joehai the Summoner, an experienced DESu of Vehumet (D:8)
  15 spiny frogs
  An efreet (D:21)
  4 rock trolls
  7 two-headed ogres
  A hill giant skeleton (D:13)
  26 ugly things
  Prince Ribbit (D:9)
  7 bog mummies
  6 baby alligators
  5 blink frogs
  6 trolls
  4 rock troll skeletons
  21 giant toads
  A baby alligator skeleton (Swamp:4)
  2 brown oozes (Lair:7)
  2 demonic crawlers (Elf:1)
  A wyvern (Lair:5)
  3 wraiths
  3 fire elementals (D:17)
  4 deep elf conjurers
  A ynoxinul (Abyss)
  A fire drake (Lair:5)
  26 yaks
  4 war dogs
  3 hungry ghosts
  3 vampires
  A blink frog skeleton (D:14)
  4 hippogriffs
  Grum (D:8)
  2 mottled dragons
  2 yaktaur zombies
  45 vampire mosquitoes
  A soldier ant (D:14)
  A fire drake skeleton (Lair:5)
  2 manticores
  13 orc warriors
  2 rock worms
  37 insubstantial wisps
  A kenku (Swamp:4)
  24 swamp worms
  2 phantoms
  A cyclops skeleton (D:17)
  15 ice beasts
  3 necrophages
  A redback simulacrum (D:17)
  5 yak zombies
  2 deep elf priests
  9 swamp drakes
  8 crocodiles
  12 giant goldfish
  6 ogres
  A troll zombie (D:12)
  5 gila monsters
  A warg (D:22)
  9 centaurs
  2 boulder beetle zombies
  6 giant slugs
  A boring beetle zombie (D:21)
  A big kobold (D:15)
  A deep elf mage (Elf:1)
  Blork the orc (D:8)
  13 water moccasins
  3 agate snails
  14 giant frogs
  8 giant leeches
  An eye of draining (shapeshifter) (D:19)
  A boulder beetle (Elf:1)
  An eye of draining (D:17)
  26 killer bees
  3 jellyfish
  5 wights
  An electric eel (Swamp:1)
  2 goliath beetles
  4 small abominations
  A mottled dragon zombie (D:9)
  2 big kobold skeletons
  8 imps
  A quasit (D:8)
  15 big fish
  4 orc priests
  2 shadows
  2 hound zombies (D:8)
  5 hounds
  236 scorpions
  3 iron imps
  5 porcupines
  3 iguanas
  4 orc wizards
  3 deep elf soldiers
  8 orange rats
  3 spectral orcs (D:15)
  3 worker ants
  2 sheep (D:18)
  A worm zombie (D:8)
  4 jellies
  2 mummies (Port)
  24 gnolls (D:4)
  18 green rats
  2 midges
  A shadow imp (D:9)
  A giant centipede zombie (D:15)
  2 iguana skeletons
  3 giant centipedes
  5 snakes
  10 white imps
  7 lemures
  A worm (D:8)
  10 ufetubi
  3 grey rats
  A giant eyeball (D:9)
  A giant gecko (Lair:6)
  34 orcs
  3 goblins
  3 hobgoblins
  2 quokkas
  A giant spore (D:8)
  2 hobgoblin skeletons
  4 jackals
  4 jackal skeletons (D:4)
  9 killer bee larvae
  11 kobolds
  22 megabats
  6 orc skeletons
  An orc zombie (D:9)
  15 rats
  A rat zombie (D:21)
  A small snake (D:8)
  A butterfly (Swamp:3)
  2 fungi
  4 plants
  14 toadstools
1178 creatures vanquished.

Vanquished Creatures (others)
  A centaur warrior (D:22)
  40 large large abominations
  An unseen horror (D:17)
  A yaktaur skeleton (D:20)
  2 death yak skeletons (Lair:8)
  A hydra skeleton (D:16)
  An alligator skeleton (Swamp:1)
  A griffon skeleton (D:11)
  A dragon skeleton (D:19)
  7 giant toad skeletons
  36 slime creatures
  2 hill giant skeletons (Vault:1)
  A black mamba skeleton (Lair:8)
  2 rock troll skeletons
  3 spiny frog skeletons
  A deep troll skeleton (D:22)
  2 baby alligator skeletons
  2 elephant skeletons (D:13)
  2 blink frog skeletons
  2 human skeletons
  5 small abominations
  A swamp dragon skeleton (Swamp:2)
  3 deep elf fighters
  A hungry ghost (D:17)
  A mermaid skeleton (Port)
  A swamp worm (Swamp:2)
  2 cyclops skeletons
  A deep elf priest (Elf:1)
  A manticore skeleton (D:17)
  A yak zombie (D:9)
  2 giant goldfish skeletons
  6 yak skeletons
  A hippogriff skeleton (D:20)
  A troll skeleton (D:18)
  2 centaurs (D:22)
  2 war dog skeletons
  A crocodile (Lair:8)
  A centaur zombie (D:9)
  A human (D:2)
  5 centaur skeletons
  10 giant frog skeletons
  A two-headed ogre skeleton (Vault:1)
  6 water moccasin skeletons
  3 killer bees (D:8)
  38 imps
  6 big kobold skeletons (D:13)
  4 iron imps
  4 crocodile skeletons
  7 ogre skeletons
  2 gila monster skeletons
  10 hound skeletons
  5 deep elf soldiers
  1418 scorpions
  2 swamp drake skeletons
  5 big fish skeletons
  A giant centipede zombie (Lair:3)
  An iguana zombie (D:22)
  13 shadow imps
  5 snake skeletons
  26 white imps
  An electric eel skeleton (Swamp:1)
  A snake zombie (D:9)
  24 elf skeletons
  An iguana skeleton (Lair:1)
  49 orc skeletons
  A sheep skeleton (Lair:2)
  4 porcupine skeletons
  A bat skeleton (Port)
  15 megabat skeletons
  12 gnoll skeletons
  10 green rat skeletons
  3 orcs
  A goblin (D:7)
  2 giant gecko skeletons
  A giant newt (D:7)
  A giant newt skeleton (D:7)
  3 goblin skeletons
  4 hobgoblin skeletons
  2 jackals
  11 jackal skeletons
  10 killer bee larvae (Hive:2)
  8 kobold skeletons
  2 kobold zombies (D:9)
  An orc zombie (D:9)
  2 quokka skeletons
  16 rat skeletons
  6 fungi
  15 plants
  94 toadstools
2016 creatures vanquished.

Grand Total: 4624 creatures vanquished

Notes
Turn   | Place    | Note
--------------------------------------------------------------
     0 | D:1      | psauce, the Deep Elf Wizard, began the quest for the Orb.
     0 | D:1      | Reached XP level 1. HP: 6/6 MP: 7/7
    37 | D:1      | Reached skill level 5 in Spellcasting
   162 | D:1      | Reached XP level 2. HP: 10/10 MP: 3/10
   917 | D:2      | Noticed Jessica
   921 | D:2      | Defeated Jessica
   921 | D:2      | Reached XP level 3. HP: 14/14 MP: 6/13
   927 | D:2      | Learned a level 2 spell: Blink
   930 | D:2      | Learned a level 2 spell: Call Imp
   933 | D:2      | Learned a level 2 spell: Repel Missiles
   937 | D:2      | Learned a level 3 spell: Mephitic Cloud
  1112 | D:2      | Found a basalt altar of Yredelemnul.
  1186 | D:2      | Found a shimmering altar of Xom.
  1204 | D:2      | Found an ancient bone altar of Kikubaaqudgha.
  1209 | D:2      | Noticed a human zombie
  1211 | D:2      | Became a worshipper of Kikubaaqudgha
  1431 | D:3      | Reached skill level 5 in Conjurations
  1432 | D:3      | Reached XP level 4. HP: 12/18 MP: 11/17
  1437 | D:3      | Learned a level 3 spell: Conjure Flame
  1481 | D:3      | Reached skill level 6 in Spellcasting
  1979 | D:4      | Reached XP level 5. HP: 23/23 MP: 10/19
  2021 | D:4      | Acquired Kikubaaqudgha's first power
  2021 | D:4      | Received a gift from Kikubaaqudgha
  2026 | D:4      | Learned a level 1 spell: Animate Skeleton
  2067 | D:4      | Reached skill level 1 in Necromancy
  2073 | D:4      | Found a glowing golden altar of the Shining One.
  2084 | D:4      | Reached skill level 7 in Conjurations
  2160 | D:4      | Noticed Duvessa
  2162 | D:4      | Noticed Dowan
  2170 | D:4      | Defeated Duvessa
  2170 | D:4      | Reached XP level 6. HP: 26/26 MP: 6/21
  2176 | D:4      | Defeated Dowan
  2291 | D:4      | Reached skill level 8 in Conjurations
  2340 | D:4      | Reached skill level 1 in Poison Magic
  2772 | D:4      | Found a staircase to the Ecumenical Temple.
  2785 | Temple   | Entered the Ecumenical Temple
  3128 | D:4      | Reached skill level 9 in Conjurations
  3359 | D:4      | Acquired Kikubaaqudgha's second power
  3364 | D:4      | Reached XP level 7. HP: 31/31 MP: 19/24
  3405 | D:4      | Reached skill level 1 in Air Magic
  3839 | D:4      | Reached skill level 10 in Conjurations
  3913 | D:5      | Entered Level 5 of the Dungeon
  3916 | D:5      | Found Qoetiw's Distillery.
  3925 | D:5      | Bought a potion of poison for 1 gold piece
  3925 | D:5      | Bought a potion of confusion for 1 gold piece
  4006 | D:5      | Reached XP level 8. HP: 29/35 MP: 13/27
  4107 | D:5      | Paralysed by a giant eyeball for 2 turns
  4287 | D:5      | Noticed Eustachio
  4299 | D:5      | Defeated Eustachio
  4299 | D:5      | Received a gift from Kikubaaqudgha
  4321 | D:5      | Learned a level 2 spell: Sublimation of Blood
  4336 | D:5      | Reached skill level 11 in Conjurations
  4635 | D:6      | Noticed Edmund
  4642 | D:6      | Noticed Sigmund
  4649 | D:6      | Defeated Edmund
  4659 | D:6      | Defeated Sigmund
  4826 | D:6      | Noticed Pikel
  4835 | D:6      | Defeated Pikel
  4835 | D:6      | Reached XP level 9. HP: 39/39 MP: 10/28
  4838 | D:6      | Noticed Ijyb
  4848 | D:6      | Defeated Ijyb
  5024 | D:6      | Reached skill level 1 in Fire Magic
  5030 | D:6      | Reached skill level 12 in Conjurations
  5501 | D:7      | Found a glowing silver altar of Zin.
  5812 | D:7      | Found a sand-covered staircase. 5817
                  | ossuary
                  | Entered a tomb
  7013 | D:5      | Bought a potion of healing for 28 gold pieces
  7210 | D:8      | Noticed Grum
  7409 | D:8      | Found a blossoming altar of Fedhas.
  7411 | D:8      | Found a bloodstained altar of Trog.
  7440 | D:8      | Found Ammak's Assorted Antiques.
  7526 | D:7      | Reached skill level 13 in Conjurations
  7628 | D:8      | Noticed Maurice
  7628 | D:8      | Noticed Joehai's ghost (experienced DESu)
  7714 | D:9      | HP: 1/39 [poisoned by a kobold]
  7728 | D:9      | Reached XP level 10. HP: 15/43 MP: 8/29
  7731 | D:9      | Paralysed by a giant eyeball for 4 turns
  7906 | D:9      | Reached skill level 5 in Necromancy
  7966 | D:9      | Acquired Kikubaaqudgha's third power
  7966 | D:9      | Received a gift from Kikubaaqudgha
  8062 | D:9      | Found a staircase to the Orcish Mines.
  8222 | D:9      | Reached skill level 10 in Spellcasting
  8317 | D:9      | Found a shattered altar of Ashenzari.
  8428 | D:9      | Noticed Psyche
  8440 | D:9      | Noticed Prince Ribbit
  8445 | D:9      | Defeated Psyche
  8450 | D:9      | Defeated Prince Ribbit
  8468 | D:9      | Noticed a mottled dragon zombie
  8483 | D:9      | Defeated a mottled dragon zombie
  8899 | D:8      | HP: 1/43 [scorpion (8)]
  8904 | D:7      | HP: 2/43 [ufetubus[Joehai's ghost] (4)]
  9201 | D:8      | Defeated Maurice
  9207 | D:8      | Reached skill level 5 in Summonings
  9432 | D:8      | Learned a level 4 spell: Summon Scorpions
  9438 | D:8      | Learned a level 5 spell: Poisonous Cloud
  9471 | D:8      | Noticed an iron golem
  9499 | D:8      | Defeated an iron golem
  9524 | D:8      | Found a snail-covered altar of Cheibriados.
  9535 | D:8      | Noticed Blork the orc
  9557 | D:8      | Defeated Blork the orc
  9571 | D:8      | Defeated Grum
  9776 | D:8      | Defeated Joehai's ghost
 10272 | D:9      | Got a distressingly furry banded mail
 10284 | D:9      | Identified the cursed +0 banded mail "Kerolug" (You found it on level 9 of the Dungeon)
 10782 | Orc:1    | Entered Level 1 of the Orcish Mines
 10823 | Orc:1    | Reached skill level 14 in Conjurations
 10873 | Orc:1    | Found a blossoming altar of Fedhas.
 11008 | Orc:1    | Found an iron altar of Okawaru.
 11089 | Orc:1    | HP: 2/43 [poisoned by you (poison gas)]
 11094 | Orc:1    | HP: 1/43 [poisoned by you (poison gas)]
 11317 | Temple   | Learned a level 3 spell: Regeneration
 11994 | Orc:1    | Reached skill level 1 in Charms
 12045 | Orc:1    | Reached XP level 11. HP: 25/48 MP: 9/31
 12119 | Orc:3    | Found a staircase to the Elven Halls.
 12345 | Orc:4    | Entered Level 4 of the Orcish Mines
 12692 | Orc:4    | Acquired Kikubaaqudgha's fourth power
 13176 | Orc:3    | Noticed an ogre mage
 13176 | Orc:3    | Noticed a two-headed ogre
 13183 | Orc:3    | Noticed a two-headed ogre
 13183 | Orc:3    | Noticed a two-headed ogre
 13188 | Orc:3    | Defeated an ogre mage
 13188 | Orc:3    | Defeated a two-headed ogre
 13190 | Orc:3    | Defeated a two-headed ogre
 13192 | Orc:3    | Defeated a two-headed ogre
 13197 | Orc:3    | Reached skill level 5 in Poison Magic
 13499 | Orc:4    | Noticed an orc high priest
 13501 | Orc:4    | Noticed an orc high priest
 13511 | Orc:4    | Defeated an orc high priest
 13512 | Orc:4    | Defeated an orc high priest
 13513 | Orc:4    | Defeated an orc high priest
 13547 | Orc:4    | Reached skill level 5 in Air Magic
 13592 | Orc:4    | Reached XP level 12. HP: 37/51 MP: 25/34
 13638 | Orc:4    | Found Quaggu's Jewellery Shop.
 13638 | Orc:4    | Found Blunebbe's General Store.
 13640 | Orc:4    | Found Lyhuaguh's Food Shoppe.
 13640 | Orc:4    | Found Xujeul's Food Shoppe.
 13641 | Orc:4    | Reached skill level 10 in Necromancy
 13705 | Orc:4    | Bought 2 potions of healing for 60 gold pieces
 13780 | Orc:4    | Bought the ring of False Pretenses {Int+3 Acc+2 SInv} for 453 gold pieces
 13834 | Orc:4    | Reached skill level 5 in Translocations
 14590 | D:10     | Entered Level 10 of the Dungeon
 14590 | D:10     | Noticed Joseph
 14692 | D:10     | Found a labyrinth entrance.
 14719 | Lab      | Entered a Labyrinth
 15153 | D:10     | Learned a level 1 spell: Apportation
 15157 | D:10     | Learned a level 3 spell: Teleport Other
 15226 | D:10     | Defeated Joseph
 15597 | D:10     | Found a shimmering altar of Xom.
 15600 | D:10     | Reached skill level 1 in Traps & Doors
 15692 | D:11     | Found a staircase to the Hive.
 15975 | D:11     | Got a glistering book
 15976 | D:11     | Identified the Papyrus of Ice (You found it on level 11 of the Dungeon)
 16447 | Hive:1   | Entered Level 1 of the Hive
 17017 | Hive:2   | Entered Level 2 of the Hive
 19850 | Hive:2   | Learned a level 5 spell: Lightning Bolt
 20804 | D:12     | Got a faintly humming chain mail
 21618 | D:13     | Reached XP level 13. HP: 54/54 MP: 12/36
 21818 | D:13     | Found a staircase to the Lair.
 21879 | D:13     | Reached skill level 15 in Conjurations
 22675 | Lair:1   | Entered Level 1 of the Lair of Beasts
 22714 | Lair:1   | Found a frozen archway.
 22724 | IceCv    | Entered an ice cave
 23458 | IceCv    | Got a scintillating tin ring
 24256 | Lair:1   | Got a smoking chain mail
 26095 | Lair:1   | Identified the ring "Chienues" {+Lev} (You found it in an ice cave)
 26106 | Lair:1   | Identified the cursed +3 chain mail "Guagasie" (You found it on level 1 of the Lair of Beasts)
 26425 | Lair:3   | Reached skill level 5 in Charms
 28759 | Lair:4   | Found a staircase to the Swamp.
 30601 | Lair:6   | Reached XP level 14. HP: 57/57 MP: 32/37
 30654 | Lair:6   | You are cast into the Abyss!
 30654 | Lair:6   | Cast into the Abyss (a Zot trap)
 30654 | Abyss    | Entered The Abyss
 30819 | Abyss    | Noticed a white draconian annihilator
 30826 | Lair:6   | You pass through the gate.
 31617 | Lair:6   | Noticed Gastronok
 31638 | Lair:6   | Defeated Gastronok
 31753 | Lair:6   | Found a staircase to the Shoals.
 31899 | Lair:6   | Found a radiant altar of Vehumet.
 32461 | Lair:7   | Found a staircase to the Slime Pits.
 33005 | Lair:8   | Entered Level 8 of the Lair of Beasts
 33551 | Lair:8   | Reached skill level 10 in Poison Magic
 35935 | D:8      | Bought a square ivory amulet for 155 gold pieces
 35935 | D:8      | Bought a jewelled hand axe for 241 gold pieces
 35935 | D:8      | Bought a scroll labeled SUUXOU XULUN for 31 gold pieces
 35935 | D:8      | Bought a scroll of remove curse for 93 gold pieces
 35935 | D:8      | Bought a scroll of remove curse for 93 gold pieces
 36042 | D:5      | Bought a potion of mutation for 70 gold pieces
 36042 | D:5      | Bought a potion of brilliance for 35 gold pieces
 36042 | D:5      | Bought a potion of might for 35 gold pieces
 36042 | D:5      | Bought a potion of resistance for 98 gold pieces
 36042 | D:5      | Bought a potion of heal wounds for 42 gold pieces
 36042 | D:5      | Bought a potion of agility for 35 gold pieces
 36255 | Orc:4    | Bought a potion of invisibility for 82 gold pieces
 36268 | Orc:4    | Bought an uncursed amulet of controlled flight for 210 gold pieces
 36528 | Hive:2   | Identified a scroll of acquirement
 36628 | Hive:2   | Identified the cursed hand axe "Tioz" {chop, *TELE +Blink +Lev rC+} (You bought it in a shop on level 8 of the Dungeon)
 36685 | Hive:2   | Learned a level 5 spell: Twisted Resurrection
 36692 | Hive:2   | Learned a level 4 spell: Flight
 36980 | Hive:2   | Got a dazzling robe
 37040 | Hive:2   | Identified the +3 robe of the Vaults (You found it on level 2 of the Hive)
 37567 | Swamp:1  | Entered Level 1 of the Swamp
 37588 | Swamp:1  | Found a glowing silver altar of Zin.
 38037 | Swamp:1  | Reached skill level 10 in Summonings
 38063 | Swamp:1  | Reached skill level 16 in Conjurations
 38134 | Swamp:1  | Noticed Roxanne
 38167 | Swamp:1  | Defeated Roxanne
 38172 | Swamp:1  | Got a levitating book
 38173 | Swamp:1  | Identified Roxanne's Reference Book on Destructive Clay (You took it off Roxanne on level 1 of the Swamp)
 38245 | Swamp:1  | Noticed Snorg
 38260 | Swamp:1  | Defeated Snorg
 39863 | Swamp:2  | Reached XP level 15. HP: 25/59 MP: 4/37
 40905 | D:14     | Noticed Nikola
 41717 | Hive:2   | Learned a level 5 spell: Silence
 41990 | D:14     | Defeated Nikola
 42236 | D:14     | Noticed Urug
 42245 | D:14     | Defeated Urug
 42769 | D:15     | Entered Level 15 of the Dungeon
 42975 | D:15     | Found a shattered altar of Ashenzari.
 43102 | D:15     | Noticed Rupert
 43122 | D:15     | Defeated Rupert
 43141 | D:15     | Noticed Nergalle
 43152 | D:15     | Defeated Nergalle
 44960 | D:17     | Noticed a fire elemental
 44960 | D:17     | Noticed a fire elemental
 45377 | D:17     | Noticed Aizul
 45403 | D:17     | Defeated Aizul
 46155 | D:17     | Defeated a fire elemental
 46176 | D:17     | Noticed a guardian serpent
 46193 | D:17     | Defeated a guardian serpent
 46280 | D:17     | Noticed a fire elemental
 46327 | D:17     | Defeated a fire elemental
 46383 | D:17     | Defeated a fire elemental
 46969 | Swamp:3  | Found a deep blue altar of Sif Muna.
 47885 | D:18     | Found a staircase to the Vaults.
 47888 | D:18     | Noticed Wiglaf
 47958 | D:18     | Noticed Louise
 48338 | D:18     | Defeated Louise
 48531 | D:17     | Reached XP level 16. HP: 60/60 MP: 28/38
 49093 | D:18     | Noticed Frances
 49094 | D:18     | Reached skill level 15 in Spellcasting
 49724 | D:12     | Identified the cursed -4 chain mail of Kheufis (You took it off a hobgoblin on level 12 of the Dungeon)
 49789 | Hive:2   | Learned a level 6 spell: Deflect Missiles
 49918 | Elf:1    | Entered Level 1 of the Elven Halls
 51426 | Swamp:4  | Noticed Agnes
 51435 | Swamp:4  | Defeated Agnes
 51520 | Swamp:4  | Got a transparent mace
 51590 | Swamp:4  | Got a transparent leather armour
 51889 | Swamp:4  | Noticed Mara
 52141 | Hive:2   | Identified the cursed -5,-3 mace of Disharmony (You found it on level 4 of the Swamp)
 52141 | Hive:2   | Identified the cursed -5 leather armour "Ifackog" (You found it on level 4 of the Swamp)
 52562 | D:18     | Defeated Frances
 52590 | D:18     | Defeated Wiglaf
 52705 | D:18     | Gained mutation: Your magical capacity is low (-10% MP).
 52916 | D:18     | Found a portal to a secret trove of treasure. 53365
                  | trove
                  | Entered a treasure trove 53402
                  | trove
                  | Got a warped crossbow
 53426 | D:18     | Identified the crossbow "Vivyimm" {frost, Str+2} (You found it in a treasure trove)
 53978 | D:19     | Got a transparent leather armour
 53979 | D:19     | Identified the cursed -3 leather armour of the Meadowlark (You found it on level 19 of the Dungeon)
 54572 | D:19     | You fall through a shaft!
 54572 | D:20     | Entered Level 20 of the Dungeon
 55437 | D:20     | Noticed Frederick
 56264 | Swamp:5  | Entered Level 5 of the Swamp
 56492 | Swamp:5  | HP: 3/60 [giant toad (4)]
 56789 | D:18     | Reached skill level 1 in Crossbows
 56817 | Vault:1  | Entered Level 1 of the Vaults
 60922 | Elf:2    | Found Wumept's Distillery.
 61441 | Elf:3    | Reached XP level 17. HP: 56/64 MP: 10/36
 61812 | Hive:2   | Reached skill level 1 in Evocations
 62398 | Elf:3    | Reached skill level 17 in Spellcasting
 62482 | Elf:3    | Found a shimmering altar of Xom.
 62653 | Elf:3    | Found a shimmering altar of Xom.
 62979 | Elf:4    | Noticed Azrael
 64027 | D:20     | Defeated Frederick
 64383 | D:20     | Got a brightly glowing sling
 64778 | D:21     | Found a gateway to Hell.
 65199 | D:21     | Learned a level 5 spell: Shadow Creatures
 65501 | Hive:2   | Identified the sling "Xilerrouxt" {venom, rElec SInv} (You found it on level 20 of the Dungeon)
 65533 | Hive:2   | Learned a level 6 spell: Fireball
 66324 | D:22     | Found Caarer's Distillery.
 66498 | D:22     | Found Eno Tebb's Antique Armour Shoppe.
 66517 | D:22     | Noticed Saint Roka
 66566 | D:22     | Defeated Saint Roka
 66652 | D:21     | Reached skill level 18 in Spellcasting
 67688 | Elf:3    | Killed from afar by Azrael
